 Dungeon Crawl Stone Soup version 0.28-a0-563-gf77a47075d (webtiles) character file.

Game seed: 14426421995915377542

77 bande the Covered (level 4, -5/29 HPs)
             Began as a Gargoyle Fighter on Sept 30, 2021.
             Slain by an ogre (15 damage)
             ... on level 4 of the Dungeon.
             The game lasted 00:04:48 (3022 turns).

bande the Covered (Gargoyle Fighter)                Turns: 3022, Time: 00:04:48

Health: -5/29      AC: 11    Str: 20    XL:     4   Next: 34%
Magic:  4/4        EV:  9    Int:  9    God:
Gold:   178        SH:  5    Dex:  9    Spells: 3/3 levels left

rFire   . . .      SeeInvis .   a - +0 war axe
rCold   . . .      Faith    .   c - +1 buckler
rNeg    + . .      Spirit   .   b - +0 scale mail
rPois   ∞          Reflect  .   (no helmet)
rElec   +          Harm     .   (no cloak)
rCorr   .          Rampage  .   (no gloves)
Will    .....                   k - +0 pair of boots
Stlth   ..........              (no amulet)
HPRegen 0.09/turn               (no ring)
MPRegen 0.09/turn               (no ring)

@: mighty
A: sickness immunity, AC +3, negative energy resistance 1, electricity
resistance, torment resistance 1, petrification resistance
a: no special abilities


You were on level 4 of the Dungeon.
You visited 1 branch of the dungeon, and saw 4 of its levels.

You collected 178 gold pieces.

Inventory:

Hand Weapons
 a - a +0 war axe (weapon)
Armour
 b - a +0 scale mail (worn)
 c - a +1 buckler (worn)
 k - a +0 pair of boots (worn)
Jewellery
 i - a ring of wizardry
 j - a ring of magical power
Wands
 n - a wand of flame (16)
Scrolls
 f - a scroll of identify
 g - a scroll of silence
 h - a scroll of fear {unknown}
 m - a scroll of teleportation {unknown}
Potions
 e - a potion of degeneration {unknown}
 l - a potion of curing


   Skills:
 + Level 3.8 Fighting
 + Level 2.8 Axes
 + Level 4.0 Armour
 - Level 0.2 Dodging
 + Level 3.6 Shields


You had 3 spell levels left.
You didn't know any spells.
Your spell library was empty.

Dungeon Overview and Level Annotations

Branches:
Dungeon (4/15)
 Temple: D:4-7

Altars:
Nemelex Xobeh
Wu Jian

Shops:
D:2 *   D:3 *   D:4 !


Innate Abilities, Weirdness & Mutations

You are immune to sickness and miasma.
Your stone body is resilient. (AC +3)
You are immune to poison.
You resist negative energy. (rN+)
You are resistant to electric shocks. (rElec)
You are resistant to unholy torment.
You are immune to petrification.


Message History

No target in view!
Found a stone staircase leading down and a stone staircase leading up.
You now have 169 gold pieces (gained 10).
A kobold comes into view. It is wielding a +0 dagger.
You see here 9 gold pieces.
The kobold hits you but does no damage.
You closely miss the kobold.
The kobold hits you but does no damage. x2
You slash the kobold!
You kill the kobold!
No target in view!
No target in view!
No target in view!
No target in view!
No target in view!
m - a scroll labelled HYECROPLUT You see here a +0 dagger.
n - a wand of flame (16)
You now have 178 gold pieces (gained 9).
Found a glowing dagger.
An ogre comes into view. It is wielding a +0 giant club.
The ogre shouts!
The ogre barely misses you.
You hit the ogre.
The ogre is lightly wounded.
The ogre hits you with a +0 giant club.
You hit the ogre.
The ogre is moderately wounded.
The ogre hits you with a +0 giant club!
Ouch! That really hurt!
You are too injured to fight recklessly!
You are too injured to fight recklessly!
You are too injured to fight recklessly!
You are too injured to fight recklessly!
You are too injured to fight recklessly!
You are too injured to fight recklessly!
You are too injured to fight recklessly!
You feel very mighty all of a sudden. The ogre hits you with a +0 giant club!
Ouch! That really hurt!
You die...

#.........#.#
#...#.......####
#...†.∩.....#
#..#.##......#...
#..........##
#.##...<......##.
####....<..# ##.
####.......#..
###.....# #..
#..........# #....8#
#.# #...........
####### #.#
#..........# #O#
#..........# #@#
#..........# #.#
#.......)... #.#
###..........#
######.###............#
#..).......#..........#
#.......###############
#.......# #########


You could see an ogre.

Vanquished Creatures
  An adder (D:2)
  An ufetubus (D:3)
  2 worms (D:3)
  A dart slug (D:2)
  An orc (D:3)
  7 endoplasms
  5 giant cockroaches
  3 goblins
  5 hobgoblins
  A quokka (D:2)
  8 ball pythons
  4 bats
  2 frilled lizards
  4 kobolds
  5 rats
50 creatures vanquished.

Notes
Turn   | Place    | Note
-------+----------+-------------------------------------------
     0 | D:1      | bande the Gargoyle Fighter began the quest for the Orb.
     0 | D:1      | Reached XP level 1. HP: 14/14 MP: 1/1
   244 | D:1      | Reached XP level 2. HP: 19/19 MP: 2/2
   456 | D:1      | Found a faded altar of an unknown god.
   787 | D:2      | Reached XP level 3. HP: 23/23 MP: 3/3
  1231 | D:2      | Found Ysuulinyikk's Assorted Antiques.
  1623 | D:2      | Found a sparkling altar of Nemelex Xobeh.
  2130 | D:3      | Reached XP level 4. HP: 28/29 MP: 4/4
  2167 | D:3      | Found Isall's Assorted Antiques.
  2398 | D:3      | Reached skill level 4 in Armour
  2609 | D:3      | Found an ornate altar of the Wu Jian Council.
  2931 | D:4      | Found Goceniaxt's Distillery.
  3016 | D:4      | Noticed an ogre
  3022 | D:4      | Slain by an ogre

Illustrated notes

Levels and vault maps discovered:
D:1:      saegor_arrival_simple_c, layout_basic, chequers_ecumenical_altar_grove
D:2:      layout_basic, basic_altar, serial_shops, shop
D:3:      layout_basic, mainiacjoe_overflow_surrounded_room, serial_shops,
          shop_fountains, amethyst_killhole
D:4:      layout_rooms, nicolae_uskayaw_en_pointe, serial_curves,
          eino_curves_03, eino_curves_04, nicolae_stop_n_shop_1

Skill      XL: |  1  2  3  4 |
---------------+-------------+-----
Axes           | 2 |  2.8
Armour         | 4 |  4.0
Fighting       | |  3.8
Dodging        | |  0.2
Shields        | |  3.6

Action                   |  1- 3 |  4- 6 || total
-------------------------+-------+-------++-------
Melee: War axe           |   125 |    36 ||   161
  Use: Scroll            |     6 |       ||     6
       Potion            |       |     1 ||     1
Armor: Scale mail        |    71 |    11 ||    82
Dodge: Dodged            |    57 |    15 ||    72
Block: Buckler           |    32 |     8 ||    40

Table legend: (Time is in decaauts)
 A = Elapsed time spent in this place.
 B = Non-inter-level travel time spent in this place.
 C = Inter-level travel time spent in this place.
 D = Time resting spent in this place.
 E = Time spent auto-exploring this place.
 F = Levels seen in this place.
 G = Mean time per level.
                   A        B        C        D        E       F      G
               +--------+--------+--------+--------+--------+-----+--------+
         Total |   3084 |   3067 |     17 |    271 |   2304 |   4 |  771.0 |
       Dungeon |   3084 |   3067 |     17 |    271 |   2304 |   4 |  771.0 |
               +--------+--------+--------+--------+--------+-----+--------+

Top non-repeatable levels by time:
     D:2: 1289 daAuts
     D:3: 929 daAuts
     D:1: 770 daAuts
     D:4: 95 daAuts
